 Dungeon Crawl Stone Soup version 0.30-a0-394-g3e4acdb0ae (webtiles) character file.

Game seed: 1808632739911400011

4641 Pooter the Carver (level 10, 0/141 HPs)
             Began as a Minotaur Monk on Dec 6, 2022.
             Was an Elder of Trog.
             Slain by a gnoll
             ... wielding a +0 spear
             ... led by a gnoll sergeant
              (3 damage)
             ... on level 8 of the Dungeon.
             The game lasted 00:33:02 (5945 turns).

Pooter the Carver (Minotaur Monk)                   Turns: 5945, Time: 00:33:02

Health: 0/141      AC:  6    Str: 18    XL:     10   Next: 20%
Magic:  9/9        EV: 13    Int:  7    God:    Trog [****..]
Gold:   184        SH:  0    Dex: 15    Spells: 9/9 levels left

rFire   . . .      SeeInvis +    a - +11 plutonium sword {Contam Stlth-}
rCold   . . .      Faith    .    (shield currently unavailable)
rNeg    . . .      Spirit   .    J - +0 robe of the Good {+Blink rPois SInv}
rPois   +          Reflect  .    (helmet restricted)
rElec   .          Harm     .    b - +0 cloak
rCorr   .          Rampage  .    (no gloves)
Will    ++...                    F - +2 pair of boots
Stlth   ..........               (no amulet)
HPRegen 1.43/turn                i - +4 ring of slaying
MPRegen 0.11/turn                (no ring)

@: berserking (expiring), strong-willed, regenerating, very quick
A: horns 2, retaliatory headbutt
a: Renounce Religion, Evoke Blink, Berserk, Trog's Hand, Brothers in Arms


You were on level 8 of the Dungeon.
You worshipped Trog.
Trog was greatly pleased with you.
You visited 2 branches of the dungeon, and saw 9 of its levels.
You also visited: Sewer and Ossuary.

You collected 413 gold pieces.
You spent 229 gold pieces at shops.

Inventory:

Hand Weapons
 a - the +11 plutonium sword (weapon) {Contam Stlth-}
   (You acquired it on level 1 of the Dungeon)

   It occasionally inflicts wild transmutation effects on those it strikes,
   inflicting malmutation or extra damage, or polymorphing them into a new form.
   Contam:    It causes magical contamination when unequipped.
   Stlth:     It makes you less stealthy.
 B - a +0 sling
   (You found it on level 4 of the Dungeon)
 P - a +0 battleaxe
   (You found it on level 6 of the Dungeon)
Missiles
 f - 8 atropa-tipped darts
 s - 7 boomerangs (quivered)
 y - 3 javelins
 H - 8 poisoned darts
 Q - 34 stones
Armour
 b - a +0 cloak (worn)
   (You found it on level 2 of the Dungeon)
 F - a +2 pair of boots (worn)
   (You found it on level 5 of the Dungeon)
 J - the +0 robe of the Good (worn) {+Blink rPois SInv}
   (You found it on level 2 of the Dungeon)

   rPois:     It protects you from poison.
   SInv:      It lets you see invisible.
   +Blink:    It lets you blink.
 T - a +0 plate armour
   (You found it on level 7 of the Dungeon)
Jewellery
 i - a +4 ring of slaying (left hand)
   (You found it on level 7 of the Dungeon)
 r - a ring of fire
   (You found it on level 2 of the Dungeon)
 W - a ring of wizardry
   (You found it on level 1 of the Dungeon)
Wands
 x - a wand of acid (9)
   (You found it on level 5 of the Dungeon)
 D - a wand of digging (5)
   (You found it on level 6 of the Dungeon)
 E - a wand of roots (5)
   (You bought it in a shop on level 4 of the Dungeon)
Scrolls
 d - a scroll of enchant armour {unknown}
 e - a scroll of enchant weapon {unknown}
 k - a scroll of summoning {unknown}
 l - 4 scrolls of immolation {!r}
 n - 2 scrolls of magic mapping
 p - a scroll of fog
 q - 7 scrolls of fear
 t - 2 scrolls of teleportation {@r4}
 w - a scroll of poison
 A - a scroll of brand weapon
 G - 2 scrolls of noise {unknown}
 M - 3 scrolls of vulnerability {unknown}
 R - a scroll of blinking {unknown}
Potions
 c - a potion of ambrosia
 g - a potion of degeneration {unknown}
 h - 2 potions of invisibility
 j - 3 potions of haste {@q3}
 m - 3 potions of curing {@q1}
 o - a potion of resistance {unknown}
 u - 2 potions of attraction {!q}
 v - 4 potions of heal wounds {@q2}
 z - 5 potions of might
 I - 2 potions of brilliance {unknown}
 K - 2 potions of mutation {!q}
 L - a potion of experience {unknown}
 N - a potion of magic {unknown}
 O - a potion of cancellation {unknown}
 S - a potion of flight {unknown}


   Skills:
 + Level 10.9 Fighting
 * Level 14.0 Long Blades
 - Level 4.4 Axes
 - Level 3.2 Dodging
 - Level 2.0 Stealth


You had 9 spell levels left.
You didn't know any spells.
Your spell library contained the following spells:

 Spells                   Type           Power      Damage    Failure   Level
 Sandblast                Erth           0%         2d4       43%         1
 Passwall                 Tmut/Erth      0%         N/A       56%         2
 Stone Arrow              Conj/Erth      0%         3d7       80%         3


Dungeon Overview and Level Annotations

Branches:
Dungeon (8/15)             Temple (1/1) D:4           Sewer (visited)
Ossuary (visited)
   Lair: D:8-11

Altars:
Ashenzari
Cheibriados
Dithmenos
Elyvilon
Fedhas
Gozag
Hepliaklqana
Kikubaaqudgha
Makhleb
Nemelex Xobeh
Okawaru
Qazlal
Ru
Sif Muna
Trog
Uskayaw
Wu Jian
Xom
Yredelemnul
Zin
The Shining One

Shops:
D:4 (!*!


Innate Abilities, Weirdness & Mutations

You have a pair of horns on your head.
You reflexively headbutt those who attack you in melee.


Message History

The gnoll hits you from afar with a +0 spear.
* * * LOW HITPOINT WARNING * * *
You slice Erica!!
Unknown command.
You slash Erica! The orc completely misses you.
Erica hits you with a +3 scimitar of flaming.
* * * LOW HITPOINT WARNING * * *
Erica burns you.
* * * LOW HITPOINT WARNING * * *
The orc barely misses you. You furiously retaliate!
You headbutt the orc!
You kill the orc!
Trog accepts your kill. The gnoll hits you with a +0 halberd.
* * * LOW HITPOINT WARNING * * *
The gnoll hits you but does no damage.
You closely miss Erica.
The gnoll hits you from afar with a +0 spear.
* * * LOW HITPOINT WARNING * * *
Erica says, "Fast and perfect.
Such is my way of killing."
Erica hits you with a +3 scimitar of flaming!
* * * LOW HITPOINT WARNING * * *
Erica burns you.
* * * LOW HITPOINT WARNING * * *
The orc hits you but does no damage. The gnoll closely misses you.
You closely miss Erica. You headbutt Erica!
The orc hits you but does no damage.
Erica hits you with a +3 scimitar of flaming.
* * * LOW HITPOINT WARNING * * *
Erica burns you.
* * * LOW HITPOINT WARNING * * *
The gnoll hits you but does no damage. The gnoll hits you with a +0 halberd.
* * * LOW HITPOINT WARNING * * *
You closely miss Erica. You slice Erica!!
You kill Erica!
Trog accepts your kill.
Trog appreciates your killing of a magic user.
The gnoll hits you from afar with a +0 spear.
* * * LOW HITPOINT WARNING * * *
The gnoll misses you. The orc hits you but does no damage.
Your Long Blades skill increases to level 14!
You slice the gnoll!!
You kill the gnoll!
Trog accepts your kill. The gnoll completely misses you.
The orc completely misses you.
You slice the orc!!
You kill the orc!
Trog accepts your kill.
The gnoll hits you from afar with a +0 spear.
You die...

...............
.............#
.............#
......#<#....
........#..####
........#......
.......>)......
.......))......
......)@)......
......)))......
......g.....###
#...........#
#.............
#..............
#..............
...............


You could see a gnoll.

Vanquished Creatures
  Erica (D:8)
  Pikel (D:7)
  2 wyverns
  2 humans (D:7)
  A water moccasin (D:5)
  Pargi (Sewer)
  An orc warrior (D:8)
  3 ice beasts
  2 black bears
  3 ogres
  A lemure (D:7)
  5 phantoms
  Blork the orc (D:5)
  3 necrophages
  A bullfrog (D:7)
  2 gnoll sergeants
  2 scorpions
  4 wights (D:7)
  4 centaur zombies (Ossuary)
  A hound (D:6)
  A human zombie (Ossuary)
  2 jellies
  3 orc priests
  3 iguanas
  3 orc wizards
  2 mummies (Ossuary)
  10 gnolls
  2 river rats (D:5)
  6 adders
  4 white imps
  2 ufetubi (D:5)
  4 adder zombies (Ossuary)
  A worm (D:3)
  7 dart slugs
  21 orcs
  3 endoplasms
  4 giant cockroaches
  9 goblins
  7 hobgoblins
  5 jackals (D:1)
  2 quokkas (D:2)
  10 ball pythons
  4 bats
  12 frilled lizards
  5 hobgoblin zombies (Ossuary)
  A jackal zombie (Ossuary)
  8 kobolds
  12 kobold zombies (Ossuary)
  10 orc zombies (Ossuary)
  8 rats
212 creatures vanquished.

Notes
Turn   | Place    | Note
-------+----------+-------------------------------------------
     0 | D:1      | Pooter the Minotaur Monk began the quest for the Orb.
     0 | D:1      | Reached XP level 1. HP: 19/19 MP: 0/0
   101 | D:1      | Reached XP level 2. HP: 15/27 MP: 1/1
   269 | D:1      | Identified a scroll of acquirement
   270 | D:1      | Acquired the +11 plutonium sword {Contam Stlth-}
   270 | D:1      | Found the +11 plutonium sword {Contam Stlth-}
   298 | D:1      | Reached XP level 3. HP: 33/33 MP: 2/2
   857 | D:2      | Reached skill level 1 in Long Blades
   929 | D:2      | Reached skill level 2 in Long Blades
  1019 | D:2      | Reached XP level 4. HP: 40/41 MP: 3/3
  1315 | D:2      | Identified the +0 robe of the Good {+Blink rPois SInv}
  1465 | D:3      | Reached skill level 3 in Long Blades
  1698 | D:3      | Found an ornate altar of the Wu Jian Council.
  1726 | D:3      | Noticed a necrophage
  1731 | D:3      | Killed a necrophage
  1732 | D:3      | Reached skill level 5 in Fighting
  1732 | D:3      | Reached skill level 4 in Long Blades
  1732 | D:3      | Reached XP level 5. HP: 38/48 MP: 4/4
  1838 | D:4      | Found a staircase to the Ecumenical Temple.
  1844 | Temple   | Entered the Ecumenical Temple
  1942 | Temple   | Became a worshipper of Trog the Wrathful
  1942 | Temple   | Reached * piety under Trog
  1942 | Temple   | Reached ** piety under Trog
  2119 | D:4      | Found Comux's Distillery.
  2121 | D:4      | Found Doabown's Distillery.
  2124 | D:4      | Found Iraled's Weapon Shoppe.
  2124 | D:4      | Found Rarit's Assorted Antiques.
  2126 | D:4      | Noticed a phantom
  2131 | D:4      | Killed a phantom
  2132 | D:4      | Reached skill level 5 in Long Blades
  2132 | D:4      | Reached XP level 6. HP: 42/56 MP: 5/5
  2183 | D:4      | Bought a potion of might for 40 gold pieces
  2187 | D:4      | Bought a wooden wand for 104 gold pieces
  2195 | D:4      | Bought a potion of curing for 36 gold pieces
  2383 | D:4      | Bought a scroll labelled LOECIA JEECEOKH for 26 gold pieces
  2383 | D:4      | Bought a grey potion for 23 gold pieces
  2597 | D:4      | Noticed an ice beast
  2602 | D:4      | Killed an ice beast
  2757 | D:4      | Upgraded the game from 0.30-a0-393-g54b8e3be05 to
                  | 0.30-a0-394-g3e4acdb0ae
  2791 | D:5      | Entered Level 5 of the Dungeon
  2805 | D:5      | Noticed an ice beast
  2810 | D:5      | Killed an ice beast
  2811 | D:5      | Reached skill level 6 in Long Blades
  2811 | D:5      | Reached XP level 7. HP: 63/63 MP: 6/6
  2907 | D:5      | Reached skill level 7 in Long Blades
  2946 | D:5      | Found a glowing drain.
  2961 | Sewer    | Entered a sewer
  3038 | Sewer    | Noticed Pargi
  3044 | Sewer    | Killed Pargi
  3045 | Sewer    | Reached skill level 8 in Long Blades
  3285 | D:5      | Reached XP level 8. HP: 60/73 MP: 7/7
  3558 | D:5      | Reached skill level 9 in Long Blades
  3664 | D:5      | Found an iron altar of Okawaru.
  3666 | D:5      | Found a broken altar of Ashenzari.
  3666 | D:5      | Found a bloodstained altar of Trog.
  3668 | D:5      | Found a shimmering altar of Xom.
  3668 | D:5      | Found an ancient bone altar of Kikubaaqudgha.
  3668 | D:5      | Found a white marble altar of Elyvilon.
  3776 | D:5      | Noticed Blork the orc
  3782 | D:5      | Killed Blork the orc
  4131 | D:6      | Reached skill level 10 in Long Blades
  4532 | D:6      | Found a glowing silver altar of Zin.
  4535 | D:6      | Found a broken altar of Ashenzari.
  4758 | D:7      | Found an iron altar of Okawaru.
  4764 | D:7      | Reached *** piety under Trog
  4769 | D:7      | Reached skill level 11 in Long Blades
  4769 | D:7      | Reached XP level 9. HP: 77/82 MP: 8/8
  4848 | D:7      | Noticed Pikel
  4850 | D:7      | Found a sand-covered staircase.
  4859 | Ossuary  | Entered an ossuary
  5097 | Ossuary  | Reached skill level 12 in Long Blades
  5215 | D:7      | Reached **** piety under Trog
  5338 | D:7      | Killed Pikel
  5339 | D:7      | Reached skill level 10 in Fighting
  5348 | D:7      | Reached skill level 13 in Long Blades
  5450 | D:7      | Found a hide-covered altar of Uskayaw.
  5930 | D:8      | Reached XP level 10. HP: 87/94 MP: 9/9
  5931 | D:8      | Noticed Erica
  5940 | D:8      | HP: 7/141 [Erica/+3 scimitar of flaming (3)]
  5941 | D:8      | HP: 1/141 [gnoll/+0 halberd[a gnoll sergeant] (5)]
  5943 | D:8      | Killed Erica
  5944 | D:8      | Reached skill level 14 in Long Blades
  5945 | D:8      | Slain by a gnoll

Illustrated notes

Levels and vault maps discovered:
D:1:      nicolae_arrival_washed_ashore, layout_basic,
          chequers_serial_rivers_micro_a, grunt_decor_resistance,
          minmay_quantized
D:2:      layout_basic, minmay_misc_feat_doors, grunt_ministairs_10
D:3:      layout_basic, nzn_wu_jian_council_hall
D:4:      layout_gridville, minmay_temple_entry_grid, minmay_shop_grid_forest,
          nicolae_figureground_sparkle
D:5:      layout_loops_ring, doesnt_xom_only_xom, portal_sewer_entry_e,
          grunt_ministairs_15, chequers_garden, uniq_blork_the_orc
D:6:      layout_basic, nicolae_overflow_squiral, kennysheep_donut
D:7:      layout_loops_ring, mainiacjoe_overflow_brackets, okawaru_humans,
          enter_ossuary_1, grunt_ministairs_3, uniq_pikel
D:8:      layout_basic, mainiacjoe_overflow_alcove_1, lemuel_doored_altar,
          enter_bailey_5, serial_glass, glass_columns_b, glass_columns_b,
          uniq_prince_ribbit1, uniq_maurice, uniq_erica
Temple:   compressed_dpeg_circular_temple

Skill      XL: |  1  2  3  4  5  6  7  8  9 10 |
---------------+-------------------------------+-----
Axes           | 4 |  4.4
Fighting       | 4 5 6 7 8 10 | 10.9
Stealth        | 2 |  2.0
Long Blades    | 2 4 5 6 8 11 13 14 | 14.0
Dodging        | |  3.2

Action                   |  1- 3 |  4- 6 |  7- 9 | 10-12 || total
-------------------------+-------+-------+-------+-------++-------
Melee: Hand axe          |    24 |       |       |       ||    24
       Headbutt          |     8 |     7 |    24 |     1 ||    40
       Triple sword      |    28 |    65 |   220 |    13 ||   326
Throw: Boomerang         |       |       |     2 |       ||     2
Invok: Trog's Hand       |       |       |     7 |       ||     7
       Berserk           |       |       |     3 |     1 ||     4
  Use: Scroll            |     2 |     5 |    11 |       ||    18
Armor: Robe              |    11 |    15 |    75 |     8 ||   109
Dodge: Dodged            |    48 |    50 |   205 |    33 ||   336

Table legend: (Time is in decaauts)
 A = Elapsed time spent in this place.
 B = Non-inter-level travel time spent in this place.
 C = Inter-level travel time spent in this place.
 D = Time resting spent in this place.
 E = Time spent auto-exploring this place.
 F = Levels seen in this place.
 G = Mean time per level.
                   A        B        C        D        E       F      G
               +--------+--------+--------+--------+--------+-----+--------+
         Total |   6128 |   5950 |    178 |    528 |   4027 |  11 |  557.1 |
       Dungeon |   5416 |   5248 |    168 |    364 |   3753 |   8 |  677.0 |
        Temple |    109 |     99 |     10 |      0 |     53 |   1 |  109.0 |
         Sewer |    236 |    236 |      0 |     54 |     92 |   1 |  236.0 |
       Ossuary |    365 |    365 |      0 |    109 |    129 |   1 |  365.0 |
               +--------+--------+--------+--------+--------+-----+--------+

Top non-repeatable levels by time:
     D:5: 994 daAuts
     D:7: 865 daAuts
     D:1: 862 daAuts
     D:4: 862 daAuts
     D:6: 790 daAuts
     D:2: 521 daAuts
     D:3: 497 daAuts
 Ossuary: 365 daAuts
   Sewer: 236 daAuts
  Temple: 109 daAuts
     D:8: 23 daAuts
